 Dungeon Crawl Stone Soup version 0.29.0-15-g675c0067aa (webtiles) character file.

Game seed: 5251485156471314236

3 Tsarbomb the Insei (level 1, 0/13 HPs)
             Began as a Gnoll Wanderer on Sept 11, 2022.
             Slain by a kobold
             ... wielding a +0 whip
              (5 damage)
             ... on level 1 of the Dungeon.
             The game lasted 00:00:30 (93 turns).

Tsarbomb the Insei (Gnoll Wanderer)                   Turns: 93, Time: 00:00:31

Health: 0/13       AC:  2    Str:  9    XL:     1   Next: 50%
Magic:  2/2        EV: 12    Int: 11    God:
Gold:   0          SH:  4    Dex: 13    Spells: 0/0 levels left

rFire   . . .      SeeInvis .   a - +0 mace
rCold   . . .      Faith    .   d - +0 buckler
rNeg    . . .      Spirit   .   f - +0 robe
rPois   .          Reflect  .   (no helmet)
rElec   .          Harm     .   (no cloak)
rCorr   .          Rampage  .   (no gloves)
Will    .....                   (no boots)
Stlth   +.........              (no amulet)
HPRegen 0.04/turn               (no ring)
MPRegen 0.08/turn               (no ring)

@: no status effects
A: fangs 1, strong nose, distributed training
a: no special abilities


You were on level 1 of the Dungeon.
You visited 1 branch of the dungeon, and saw 1 of its levels.

Inventory:

Hand Weapons
 a - a +0 mace (weapon)
Armour
 d - a +0 buckler (worn)
 f - a +0 robe (worn)
Scrolls
 c - a scroll of blinking
Potions
 b - a potion of brilliance
 e - a potion of heal wounds


   Skills:
 + Level 0.0 Fighting
 + Level 0.0 Short Blades
 + Level 0.0 Long Blades
 + Level 0.0 Axes
 + Level 6.4 Maces & Flails
 + Level 0.0 Polearms
 + Level 0.0 Staves
 + Level 0.0 Ranged Weapons
 + Level 0.0 Throwing
 + Level 2.3 Armour
 + Level 2.3 Dodging
 + Level 0.0 Stealth
 + Level 2.3 Shields
 + Level 6.4 Unarmed Combat
 + Level 0.0 Spellcasting
 + Level 0.0 Conjurations
 + Level 0.0 Hexes
 + Level 0.0 Summonings
 + Level 0.0 Necromancy
 + Level 0.0 Translocations
 + Level 0.0 Transmutations
 + Level 0.0 Fire Magic
 + Level 0.0 Ice Magic
 + Level 0.0 Air Magic
 + Level 0.0 Earth Magic
 + Level 0.0 Poison Magic
 + Level 2.4 Invocations
 + Level 0.0 Evocations


You couldn't memorise any spells.
You didn't know any spells.
Your spell library was empty.

Dungeon Overview and Level Annotations

Branches:
Dungeon (1/15)

Altars:


Innate Abilities, Weirdness & Mutations

You have very sharp teeth.
Your uncanny sense of smell can sniff out nearby items.
Your experience applies equally to all skills.


Message History

A giant cockroach comes into view.
The giant cockroach closely misses you.
You closely miss the giant cockroach. The giant cockroach barely misses you.
You barely miss the giant cockroach. You block the giant cockroach's attack.
You barely miss the giant cockroach. The giant cockroach barely misses you.
The giant cockroach bites you.
You hit the giant cockroach.
You kill the giant cockroach!
No target in view!
HP restored.
You see here a giant cockroach corpse.
A kobold comes into view. It is wielding a +0 dagger.
Found a spear.
Found 15 gold pieces.
You hit the kobold.
You kill the kobold!
No target in view!
No target in view!
Things that are here:
a +0 dagger; a kobold corpse You see here a +0 spear.
A ball python and a kobold come into view.
You see here 15 gold pieces.
The kobold shouts!
The kobold throws a stone.
The stone completely misses you. The kobold hits you with a +0 whip.
The ball python hisses angrily.
You sock the ball python!
You kill the ball python!
The kobold hits you with a +0 whip.
You are too injured to fight recklessly!
You are too injured to fight recklessly!
You are too injured to fight recklessly!
You are too injured to fight recklessly!
You barely miss the kobold. You bite the kobold, but do no damage.
You block the kobold's attack. x2
You hit the kobold.
The kobold is severely wounded.
The kobold hits you with a +0 whip.
You die...

.....# ....# .... ###
###.######## .⌠#
#..........# ..#
#..........# ∆
<.######..........###
..##...))...$.......#
.⌠##.#######....@K..#
####.# #........#
.....# #........#
###### #........#∆
########## ∆


You could see a kobold.

Vanquished Creatures
  A ball python (D:1)
  A giant cockroach (D:1)
  A kobold (D:1)
3 creatures vanquished.

Notes
Turn   | Place    | Note
-------+----------+-------------------------------------------
     0 | D:1      | Tsarbomb the Gnoll Wanderer began the quest for the Orb.
     0 | D:1      | Tsarbomb set off with the following items: a +0 mace, a
                  | potion of brilliance, a scroll of blinking, a +0 buckler, a
                  | potion of heal wounds, a +0 robe.
     0 | D:1      | Reached XP level 1. HP: 13/13 MP: 2/2
    93 | D:1      | Slain by a kobold

Illustrated notes

Levels and vault maps discovered:
D:1:      amcnicky_arrival_gap_in_the_tavern_cellar, layout_basic

Action                   || total
-------------------------++-------
Melee: Mace              ||     8
       Bite              ||     1
Dodge: Dodged            ||     4
Block: Buckler           ||     3
